 Dungeon Crawl Stone Soup version 0.29-a0-275-g389c0b56f3 (webtiles) character file.

Game seed: 3804357255669089952

6 spaghetti the Skirmisher (level 1, 0/18 HPs)
             Began as a Demonspawn Chaos Knight on Mar 9, 2022.
             Was a Plaything of Xom.
             Succumbed to an adder's poison
             ... on level 2 of the Dungeon.
             The game lasted 00:01:08 (729 turns).

spaghetti the Skirmisher (Demonspawn Chaos Knight)   Turns: 729, Time: 00:01:09

Health: 0/18       AC:  6    Str: 12    XL:     1   Next: 75%
Magic:  1/1        EV: 11    Int: 13    God:    Xom [..*...]
Gold:   42         SH:  0    Dex: 12    Spells: 0/0 levels left

rFire   . . .      SeeInvis .   a - +0 short sword (chaos) {short}
rCold   . . .      Faith    .   (no shield)
rNeg    . . .      Spirit   .   b - +2 leather armour
rPois   .          Reflect  .   (no helmet)
rElec   .          Harm     .   (no cloak)
rCorr   .          Rampage  .   (no gloves)
Will    .....                   h - +0 pair of boots
Stlth   +.........              (no amulet)
HPRegen 0.06/turn               (no ring)
MPRegen 0.07/turn               (no ring)

@: lethally poisoned (0 -> -3), about to teleport, attractive
A: no striking features
a: Renounce Religion


You were on level 2 of the Dungeon.
You worshipped Xom.
You were a toy of Xom.
You visited 1 branch of the dungeon, and saw 2 of its levels.

You collected 42 gold pieces.


   Skills:
 - Level 3.0 Fighting
 - Level 2.6 Short Blades
 - Level 1.7 Armour
 + Level 1.6 Dodging


You couldn't memorise any spells.
You didn't know any spells.
Your spell library was empty.

Inventory:

Hand Weapons
 a - a +0 short sword of chaos (weapon) {short}
Missiles
 d - 53 stones {throwing}
Armour
 b - a +2 leather armour (worn)
 h - a +0 pair of boots (worn)
   (You found it on level 1 of the Dungeon)
Scrolls
 e - a scroll of identify {unknown}
Miscellaneous
 c - a piece from Xom's chessboard (15/15) (quivered)

Dungeon Overview and Level Annotations

Branches:
Dungeon (2/15)

Altars:

.........
...#....
..#...##
......
#....#
#..:.#
#.)wS#
#...#
#.w@#
#...#
#ยง.<#
......###
w.....
.#####


You could see an adder and 2 dart slugs.


Message History

Partly explored, can't reach some places.
You start waiting.
Your trail of clouds dissipates.
Done waiting.
Key pressed, stopping explore.
Key pressed, stopping explore.
Found a stone staircase leading down.
A rat comes into view.
A rat is nearby!
A rat is nearby!
A rat is nearby!
You hit the rat. You drain the rat.
You kill the rat!
No target in view!
No target in view!
No target in view!
No target in view!
No target in view!
No target in view!
No target in view!
No target in view!
Key pressed, stopping explore.
Key pressed, stopping explore.
Done exploring.
(D) Dungeon
Where to? (Enter - D:1 @ (x,y), ? - help)
There is a stone staircase leading down here.
You climb downwards.
The kobold shouts!
You hear an angry hiss.
There is a stone staircase leading up here.
There are monsters nearby!
Unknown command.
There are monsters nearby!
There are monsters nearby!
An adder comes into view.
The adder hisses angrily.
The dart slug launches a dart at you.
The slug dart hits you but does no damage.
The kobold barely misses you.
You closely miss the kobold. "Let's try an experiment, hmmm?"
Your eyebrows wriggle.
The kobold hits you with a +0 dagger. ๐Ÿ˜• HP[-2]
You take 2 damage, and now have 16/18 hp.
You hit the kobold but do no damage.
The kobold is poisoned.
The dart slug launches a dart at you.
The slug dart hits you but does no damage.
You closely miss the kobold. The kobold closely misses you.
The dart slug bites you. ๐Ÿ˜ฎ HP[-3]
You take 3 damage, and now have 13/18 hp.
You are too injured to fight recklessly!
You are too injured to fight recklessly!
You are too injured to fight recklessly!
You are too injured to fight recklessly!
You are too injured to fight recklessly!
You are too injured to fight recklessly!
You are too injured to fight recklessly!
You are too injured to fight recklessly!
You are too injured to fight recklessly!
You are too injured to fight recklessly!
You are too injured to fight recklessly!
You are too injured to fight recklessly!
You are too injured to fight recklessly!
You are too injured to fight recklessly!
Unknown command.
You hit the dart slug. The adder bites you.
You are poisoned.
The adder poisons you! The kobold barely misses you.
The adder bites you but does no damage. ๐Ÿ˜ฎ HP[-3]
You take 3 damage, and now have 10/18 hp.
It was a potion of attraction.
You feel attractive to monsters.
You feel sick. The kobold hits you with a +0 dagger.
* * * LOW HITPOINT WARNING * * *
The dart slug barely misses you. The adder bites you but does no damage.
The dart slug is attracted toward you. ๐Ÿ˜จ HP[-5]
You take 5 damage, and now have 5/18 hp.
MASSIVE DAMAGE!! (PAUSE)
As you read the scroll labelled SODIRI MUIXILU, it crumbles to dust.
You feel strangely unstable.
It was a scroll of teleportation.
Xom is mildly amused.
* * * LOW HITPOINT WARNING * * *
You feel sick.
You kill the kobold!
The adder bites you.
* * * LOW HITPOINT WARNING * * *
The dart slug launches a dart at you. The slug dart hits you.
* * * LOW HITPOINT WARNING * * *
The dart slug bites you.
* * * LOW HITPOINT WARNING * * *
๐Ÿ˜ฑ HP[-4]
You take 4 damage, and now have 1/18 hp.
MASSIVE DAMAGE!! (PAUSE)
You die...
Xom is highly amused!

Skill      XL: |  1 |
---------------+----+-----
Dodging        | 1 |  1.6
Fighting       | |  3.0
Short Blades   | |  2.6
Armour         | |  1.7

Action                   || total
-------------------------++-------
Melee: Short sword       ||    14
  Use: Scroll            ||     1
       Potion            ||     1
 Stab: Paralysed         ||     1
Armor: Leather armour    ||     5
Dodge: Dodged            ||     8

Levels and vault maps discovered:
D:1:      dpeg_arrival_signposts, layout_rooms,
          shapermc_ecumenical_altar_mp_urbaneastern
D:2:      layout_loops_ring

Notes
Turn   | Place    | Note
-------+----------+-------------------------------------------
     0 | D:1      | spaghetti the Demonspawn Chaos Knight began the quest for
                  | the Orb.
     0 | D:1      | Reached XP level 1. HP: 18/18 MP: 1/1
     0 | D:1      | magus.rc [v1.9.6]
    41 | D:1      | Reached skill level 1 in Dodging
    75 | D:1      | Found a faded altar of an unknown god.
   269 | D:1      | XOM: cloud trail
   723 | D:2      | XOM: silly message
   728 | D:2      | HP: 4/18 [poisoned by an adder]
   728 | D:2      | HP: 1/18 [dart slug (1)]
   729 | D:2      | Succumbed to an adder's poison

Vanquished Creatures
  A hobgoblin (D:1)
  A bat (D:1)
  A frilled lizard (D:1)
  3 kobolds
  A rat (D:1)
7 creatures vanquished.

Vanquished Creatures (others)
  A fungus (D:1)
1 creature vanquished.

Grand Total: 8 creatures vanquished

Table legend:
 A = Non-vault XP
 B = Vault XP
 C = Vault XP percentage of total XP
 D = Non-vault monster count
 E = Vault monster count
 F = Vault count percentage of total count
                 A         B        C        D         E       F
            +---------+---------+-------+---------+---------+-------
      Total |       9 |       0 |   0.0 |       7 |       0 |   0.0
            +---------+---------+-------+---------+---------+-------
        D:1 |       7 |       0 |   0.0 |       6 |       0 |   0.0
        D:2 |       2 |       0 |   0.0 |       1 |       0 |   0.0
            +---------+---------+-------+---------+---------+-------

Illustrated notes

Table legend:
 A = Kills in this place as a percentage of kills in entire the game.
 B = Kills by you in this place as a percentage of kills by you in the entire game.
 C = Kills by friends in this place as a percentage of kills by friends in the entire game.
 D = Other kills in this place as a percentage of other kills in the entire game.
 E = Experience gained in this place as a percentage of experience gained in the entire game.
 F = Experience gained in this place divided by the number of levels of this place that you have seen.
                   A       B       C       D       E      F
               +-------+-------+-------+-------+-------+----------------------
         Total | 100.0 | 100.0 |   N/A |   N/A | 100.0 |   4.5
       Dungeon | 100.0 | 100.0 |   N/A |   N/A | 100.0 |   4.5
               +-------+-------+-------+-------+-------+----------------------

Table legend: (Time is in decaauts)
 A = Elapsed time spent in this place.
 B = Non-inter-level travel time spent in this place.
 C = Inter-level travel time spent in this place.
 D = Time resting spent in this place.
 E = Time spent auto-exploring this place.
 F = Levels seen in this place.
 G = Mean time per level.
                   A        B        C        D        E       F      G
               +--------+--------+--------+--------+--------+-----+--------+
         Total |    728 |    676 |     52 |    100 |    525 |   2 |  364.0 |
       Dungeon |    728 |    676 |     52 |    100 |    525 |   2 |  364.0 |
               +--------+--------+--------+--------+--------+-----+--------+

Top non-repeatable levels by time:
     D:1: 718 daAuts
     D:2: 9 daAuts
